 Dungeon Crawl Stone Soup version 0.28.0-53-g5a82cb258f (webtiles) character file.

Game seed: 2949971651639120118

55403 cbfl8 the Fighter (level 14, -3/199 HPs)
             Began as a Minotaur Berserker on July 14, 2022.
             Was a High Priest of Trog.
             Slain by a swamp dragon (6 damage)
             ... on level 6 of the Lair of Beasts.
             The game lasted 00:57:41 (29317 turns).

cbfl8 the Fighter (Minotaur Berserker)             Turns: 29317, Time: 00:57:41

Health: -3/199     AC: 14    Str: 21    XL:     14   Next: 38%
Magic:  13/13      EV: 20    Int:  4    God:    Trog [*****.]
Gold:   817        SH:  0    Dex: 24    Spells: 13/13 levels left

rFire   . . .      SeeInvis +   y - +4 battleaxe (flame)
rCold   x . .      Faith    .   (shield currently unavailable)
rNeg    . . .      Spirit   .   l - +1 ring mail of the Cockatrice {rC- Dex+2 Slay+2 SInv}
rPois   .          Reflect  .   X - +0 hat
rElec   .          Harm     .   n - +1 cloak
rCorr   .          Rampage  .   e - +2 pair of gloves
Will    +....                   (no boots)
Stlth   ..........              A - amulet of the acrobat
HPRegen 0.43/turn               D - +6 ring of dexterity
MPRegen 0.13/turn               Q - +4 ring of slaying

@: berserking, lethally poisoned (-3 -> -35), very quick
A: horns 2, retaliatory headbutt
a: Renounce Religion, Berserk, Trog's Hand, Brothers in Arms


You were on level 6 of the Lair of Beasts.
You worshipped Trog.
Trog was extremely pleased with you.
You visited 2 branches of the dungeon, and saw 18 of its levels.
You also visited: Volcano.

You collected 1195 gold pieces.
You spent 378 gold pieces at shops.

Inventory:

Hand Weapons
 g - the +5 mace "Afejof" {vorpal, rElec rC++ Int-4 Dex+4}
   (You found it on level 1 of the Lair of Beasts)

   It inflicts extra damage upon your enemies.
   Int:       It affects your intelligence (-4).
   Dex:       It affects your dexterity (+4).
   rC:        It greatly protects you from cold.
   rElec:     It insulates you from electricity.
 y - a +4 battleaxe of flaming (weapon)
 U - a +3 battleaxe of freezing
Missiles
 L - 11 boomerangs of dispersal (quivered)
Armour
 e - a +2 pair of gloves (worn)
 l - the +1 ring mail of the Cockatrice (worn) {rC- Dex+2 Slay+2 SInv}
   (You found it on level 2 of the Dungeon)

   Dex:       It affects your dexterity (+2).
   Slay:      It affects your accuracy & damage with ranged weapons and melee
   (+2).
   rC:        It makes you vulnerable to cold.
   SInv:      It lets you see invisible.
 n - a +1 cloak (worn)
 B - the +18 shield of the Gong {rElec rN+ Will+ EV-5}
   (You found it on level 7 of the Dungeon)

   It is deafeningly noisy when blocking attacks.
   EV:        It affects your evasion (-5).
   rElec:     It insulates you from electricity.
   rN:        It protects you from negative energy.
   Will:      It increases your willpower.
 E - +0 acid dragon scales
 V - a scarf of invisibility
 W - a +1 plate armour of fire resistance
 X - a +0 hat (worn)
Jewellery
 b - a ring of fire
 i - an amulet of faith
 A - an amulet of the acrobat (around neck)
 D - a +6 ring of dexterity (left hand)
 H - a ring of ice
 K - a ring of protection from fire
 N - an amulet of guardian spirit
 O - a +6 ring of strength
 Q - a +4 ring of slaying (right hand)
 S - a +4 ring of slaying
Wands
 G - a wand of digging (3)
 I - a wand of polymorph (4)
 J - a wand of acid (11)
 T - a wand of mindburst (10)
Scrolls
 a - 2 scrolls of enchant weapon
 h - 4 scrolls of noise
 j - 4 scrolls of summoning
 o - a scroll of enchant armour
 p - a scroll of holy word
 q - a scroll of fog
 s - a scroll of brand weapon
 t - a scroll of fear
 z - a scroll of vulnerability
 P - 2 scrolls of immolation
 Z - 2 scrolls of magic mapping
Potions
 c - 2 potions of might {unknown}
 d - 5 potions of lignification
 f - 3 potions of curing
 m - 2 potions of mutation {unknown}
 r - a potion of haste
 u - a potion of resistance
 v - 2 potions of flight {unknown}
 w - a potion of degeneration {unknown}
 x - 2 potions of magic {unknown}
 F - 6 potions of ambrosia
 M - a potion of cancellation {unknown}
 R - a potion of attraction {unknown}
Miscellaneous
 Y - a piece from Xom's chessboard (15/15)


   Skills:
 + Level 14.9 Fighting
 + Level 9.0(11.4) Axes
 - Level 10.6(12.0) Maces & Flails
 - Level 2.8(6.4) Polearms
 + Level 12.0 Armour
 + Level 10.7 Dodging
 + Level 5.8 Stealth
 * Level 11.1 Shields
 * Level 7.7 Evocations


You had 13 spell levels left.
You didn't know any spells.
Your spell library was empty.

Dungeon Overview and Level Annotations

Branches:
Dungeon (12/15)            Temple (0/1) D:5            Lair (6/6) D:9
 Shoals (0/4) Lair:3        Snake (0/4) Lair:2          Orc (0/2) D:10
Volcano (visited)
  Slime: Lair:5-6

Altars:
Ashenzari
Cheibriados
Dithmenos
Makhleb
Nemelex Xobeh
Okawaru
Sif Muna
Trog
Vehumet
Wu Jian
Yredelemnul
Zin
The Shining One

Shops:
D:1 =   D:3 *   D:4 (

Annotations:
Lair:2 Gastronok


Innate Abilities, Weirdness & Mutations

You have a pair of horns on your head.
You reflexively headbutt those who attack you in melee.


Message History

The swamp dragon breathes poison at you.
The blast of poison engulfs you.
You are more poisoned.
Unknown command.
You completely miss the swamp dragon. You headbutt the swamp dragon!
The swamp dragon is heavily wounded.
You are engulfed in poison gas.
You are lethally poisoned!
* * * LOW HITPOINT WARNING * * *
You feel extremely sick. The swamp dragon barely misses you.
You furiously retaliate!
You headbutt the swamp dragon! The swamp dragon misses you.
The swamp dragon completely misses you.
You hit the swamp dragon. You burn the swamp dragon.
You headbutt the swamp dragon!
The swamp dragon is almost dead.
You are engulfed in poison gas.
You are more poisoned.
* * * LOW HITPOINT WARNING * * *
x2 You feel extremely sick.
The swamp dragon closely misses you. The swamp dragon misses you.
The swamp dragon closely misses you.
You feel better.
You are engulfed in poison gas.
You are poisoned.
* * * LOW HITPOINT WARNING * * *
x2 You feel very sick.
The swamp dragon breathes poison at you.
The blast of poison engulfs you.
You are more poisoned.
* * * LOW HITPOINT WARNING * * *
A red film seems to cover your vision as you go berserk!
You feel yourself moving faster!
You feel mighty!
You are engulfed in poison gas.
You are more poisoned.
* * * LOW HITPOINT WARNING * * *
x2 You feel extremely sick.
The swamp dragon completely misses you. The swamp dragon claws you.
* * * LOW HITPOINT WARNING * * *
The swamp dragon tramples you.
You die...

PPk≈≈≈≈.♣♣
...≈♣♣≈≈..♣♣♣
.≈≈≈≈♣♣≈≈...♣♣
≈≈≈≈.♣♣♣≈≈...♣♣
≈≈≈.$.!♣♣≈≈♣..♣
♣♣☼≈≈..[[ ♣♣≈≈..♣♣
♣☼☼§≈≈.?. ♣≈≈.♣.♣
♣♣D.☼≈≈.!? ♣♣≈≈....
♣§@°≈≈.$$)♣♣......P
♣≈°°≈≈.♣♣♣♣..≈≈.♣♣.
♣≈°≈°.≈.♣♣P≈≈♣♣.≈♣.
♣≈≈≈≈≈≈♣♣♣≈≈..♣♣≈≈≈
♣≈≈≈≈≈.♣♣≈≈♣.♣♣♣≈≈≈
♣≈≈≈≈.♣♣..≈..♣..♣≈.
♣.≈≈≈♣≈♣♣♣≈..♣†.♣.≈
♣..≈≈.♣♣≈..♣♣..♣♣♣≈
♣♣.≈≈≈≈≈≈.♣♣...♣♣≈≈


You could see a swamp dragon (catching breath).

Vanquished Creatures
  A red draconian (Volcano)
  A fire dragon (Lair:6)
  6 hydras
  A centaur warrior (Volcano)
  A two-headed ogre (D:7)
  A death knight (D:9)
  Erica (D:11)
  Urug (D:11)
  Nergalle (Lair:1)
  A fire crab (Lair:4)
  2 lindwurms
  A phantasmal warrior (D:9)
  An ugly thing (D:11)
  Pikel (D:7)
  29 elephants
  5 black mambas
  A gargoyle (D:10)
  12 cane toads
  2 molten gargoyles (Volcano)
  8 komodo dragons
  An unseen horror (D:10)
  A yaktaur (Volcano)
  6 rime drakes
  2 freezing wraiths (D:9)
  A queen bee (Lair:1)
  10 polar bears
  2 trolls
  A hornet (D:8)
  5 raiju (Lair:6)
  A snapping turtle (Lair:3)
  9 blink frogs (Lair:6)
  3 wyverns
  18 yaks
  2 fire bats (Volcano)
  Grum (D:8)
  4 wraiths
  2 steam dragons
  4 vampire mosquitoes (D:11)
  2 basilisks
  4 wargs (Lair:6)
  Menkaure (D:6)
  4 nagas (Lair:2)
  4 acid dragons
  8 water moccasins
  11 hell hounds (Lair:6)
  2 swamp drakes (Lair:6)
  5 orc warriors
  12 black bears
  3 ice beasts
  14 centaurs
  2 necrophages
  3 ogres
  20 wolves
  A lemure (D:7)
  2 phantoms
  2 kobold brigands (D:8)
  9 bullfrogs
  3 scorpions
  A water moccasin zombie (D:6)
  A water moccasin skeleton (D:7)
  35 killer bees
  4 wights (D:8)
  2 electric eels
  2 centaur zombies
  4 lava snakes (Volcano)
  A bullfrog zombie (D:5)
  A centaur skeleton (D:5)
  3 hounds
  2 jellies
  A bullfrog skeleton (D:4)
  6 orc priests
  A gnoll shaman (D:5)
  4 iguanas (Lair:6)
  11 orc wizards
  2 killer bee zombies (D:8)
  A hound skeleton (D:3)
  12 gnolls
  6 adders
  A white imp (D:6)
  2 worms
  39 orcs
  6 ball pythons
  8 endoplasms
  7 giant cockroaches
  8 hobgoblins
  3 jackals (D:3)
  17 kobolds
  6 quokkas
  5 bats
  A frilled lizard (D:1)
  9 goblins
  6 rats
480 creatures vanquished.

Vanquished Creatures (collateral kills)
  An elephant (Lair:3)
  A basilisk (Lair:3)
  A hell hound (Lair:6)
  A black bear (Lair:6)
4 creatures vanquished.

Vanquished Creatures (others)
  A basilisk (Lair:6)
  A swamp drake (Lair:6)
  An orc wizard (D:8)
  48 fungi
  87 plants
138 creatures vanquished.

Grand Total: 622 creatures vanquished

Notes
Turn   | Place    | Note
-------+----------+-------------------------------------------
     0 | D:1      | cbfl8 the Minotaur Berserker began the quest for the Orb.
     0 | D:1      | Reached XP level 1. HP: 19/19 MP: 0/0
   153 | D:1      | Reached skill level 4 in Fighting
   153 | D:1      | Reached XP level 2. HP: 14/27 MP: 1/1
   951 | D:1      | Reached XP level 3. HP: 29/33 MP: 2/2
  1261 | D:1      | Found Magofap's Jewellery Emporium.
  1264 | D:1      | Reached skill level 1 in Maces & Flails
  1378 | D:2      | Reached ** piety under Trog
  1806 | D:2      | Reached XP level 4. HP: 34/41 MP: 3/3
  2151 | D:2      | Identified the +1 ring mail of the Cockatrice {rC- Dex+2
                  | Slay+2 SInv}
  2288 | D:3      | Found a faded altar of an unknown god.
  2301 | D:3      | Found Qimno's General Store.
  2309 | D:3      | Bought a scroll of identify for 28 gold pieces
  2309 | D:3      | Bought a scroll of teleportation for 42 gold pieces
  3207 | D:4      | Reached XP level 5. HP: 45/47 MP: 4/4
  3254 | D:4      | Found a bloodstained altar of Trog.
  3748 | D:4      | Found Qijacw's Antique Weapon Shoppe.
  3815 | D:4      | Reached skill level 5 in Fighting
  3815 | D:4      | Reached XP level 6. HP: 56/56 MP: 5/5
  4320 | D:5      | Entered Level 5 of the Dungeon
  4435 | D:5      | Reached XP level 7. HP: 31/61 MP: 6/6
  4749 | D:5      | Reached skill level 5 in Maces & Flails
  4749 | D:5      | Reached skill level 5 in Armour
  4915 | D:5      | Reached skill level 1 in Stealth
  5139 | D:5      | Found a staircase to the Ecumenical Temple.
  5357 | D:5      | Reached skill level 6 in Fighting
  5505 | D:5      | Reached XP level 8. HP: 70/70 MP: 7/7
  5506 | D:5      | Reached *** piety under Trog
  5723 | D:5      | Found a glowing silver altar of Zin.
  5774 | D:6      | Found an ornate altar of the Wu Jian Council.
  6191 | D:6      | Noticed Menkaure
  6198 | D:6      | Killed Menkaure
  6480 | D:6      | Noticed a troll
  6811 | D:6      | Killed a troll
  6812 | D:6      | Reached skill level 7 in Fighting
  6920 | D:6      | Reached XP level 9. HP: 65/79 MP: 8/8
  7428 | D:7      | Reached skill level 5 in Dodging
  7524 | D:7      | Noticed a two-headed ogre
  7524 | D:7      | Found the +18 shield of the Gong {rElec rN+ Will+ EV-5}
  7530 | D:7      | Killed a two-headed ogre
  8014 | D:7      | Noticed Pikel
  8027 | D:7      | Killed Pikel
  8028 | D:7      | Reached skill level 8 in Fighting
  8028 | D:7      | Reached skill level 10 in Maces & Flails
  8576 | D:8      | Noticed Grum
  8581 | D:8      | Reached skill level 1 in Shields
  8586 | D:8      | Killed Grum
  8601 | D:8      | Reached XP level 10. HP: 28/89 MP: 9/9
  9243 | D:8      | Reached skill level 5 in Axes
  9312 | D:8      | Found a radiant altar of Vehumet.
  9376 | D:8      | Reached **** piety under Trog
 10121 | D:9      | Noticed a phantasmal warrior
 10123 | D:9      | Noticed a death knight
 10190 | D:9      | Found a glowing golden altar of the Shining One.
 10294 | D:9      | Reached skill level 1 in Polearms
 10509 | D:10     | Entered Level 10 of the Dungeon
 11425 | D:10     | Found a staircase to the Orcish Mines.
 11470 | D:10     | Noticed a gargoyle
 11603 | D:10     | Reached skill level 9 in Fighting
 11871 | D:10     | Reached skill level 1 in Evocations
 12353 | D:10     | Killed a gargoyle
 12974 | D:9      | Found a shimmering blue altar of Sif Muna.
 12988 | D:9      | Reached XP level 11. HP: 97/97 MP: 10/10
 13017 | D:9      | Found a staircase to the Lair.
 13129 | D:9      | Found a sparkling altar of Nemelex Xobeh.
 13138 | D:9      | Found a basalt altar of Yredelemnul.
 13140 | D:9      | Found a snail-covered altar of Cheibriados.
 13142 | D:9      | Found a burning altar of Makhleb.
 13143 | D:9      | Found a broken altar of Ashenzari.
 13144 | D:9      | Found an iron altar of Okawaru.
 13149 | D:9      | Found a shadowy altar of Dithmenos.
 13882 | D:9      | Killed a death knight
 13906 | D:9      | Killed a phantasmal warrior
 14288 | D:11     | Reached skill level 5 in Shields
 14384 | D:11     | Noticed Urug
 14392 | D:11     | Noticed a red ugly thing
 14398 | D:11     | Killed a red ugly thing
 14399 | D:11     | Reached skill level 10 in Fighting
 14947 | D:11     | Killed Urug
 15276 | D:11     | Noticed Erica
 15282 | D:11     | Killed Erica
 16034 | D:3      | Bought a scarf of invisibility for 168 gold pieces
 16034 | D:3      | Bought a potion of resistance for 140 gold pieces
 16239 | Lair:1   | Entered Level 1 of the Lair of Beasts
 16282 | Lair:1   | Reached skill level 10 in Armour
 16369 | Lair:1   | Noticed Nergalle
 16398 | Lair:1   | Found a dark tunnel.
 16398 | Lair:1   | Noticed a lindwurm
 16793 | Lair:1   | Killed a lindwurm
 16838 | Volcano  | Entered a volcano
 17861 | Volcano  | Found a bloodstained altar of Trog.
 17861 | Volcano  | Noticed a centaur warrior
 17866 | Volcano  | Killed a centaur warrior
 17867 | Volcano  | Reached skill level 11 in Fighting
 17928 | Volcano  | Noticed a red draconian
 17938 | Volcano  | Killed a red draconian
 17939 | Volcano  | Reached XP level 12. HP: 110/110 MP: 11/11
 18267 | Lair:1   | Killed Nergalle
 18543 | Lair:1   | Identified the +5 mace "Afejof" {vorpal, rElec rC++ Int-4
                  | Dex+4}
 19699 | Lair:2   | Noticed Gastronok
 19746 | Lair:2   | Reached skill level 5 in Evocations
 20473 | Lair:3   | Noticed a four-headed hydra
 20481 | Lair:3   | Killed a one-headed hydra
 20482 | Lair:3   | Reached skill level 12 in Fighting
 21795 | Lair:3   | Reached skill level 5 in Stealth
 22276 | Lair:3   | Found a staircase to the Shoals.
 22289 | Lair:3   | Reached XP level 13. HP: 89/119 MP: 12/12
 22677 | Lair:2   | Found a staircase to the Snake Pit.
 23442 | Lair:4   | Reached skill level 13 in Fighting
 25321 | Lair:5   | Reached skill level 10 in Dodging
 25385 | Lair:5   | You fall into a shaft and drop 1 floor!
 25385 | Lair:6   | Entered Level 6 of the Lair of Beasts
 26190 | Lair:5   | Reached skill level 14 in Fighting
 27277 | Lair:6   | Reached skill level 10 in Shields
 27473 | Lair:6   | Reached ***** piety under Trog
 27556 | Lair:6   | Reached XP level 14. HP: 133/133 MP: 13/13
 29317 | Lair:6   | HP: 5/199 [poisoned by a swamp dragon (poison gas)]
 29317 | Lair:6   | Slain by a swamp dragon

Illustrated notes

Levels and vault maps discovered:
D:1:      dpeg_arrival_erosion, layout_loops_ring, serial_shops,
          nicolae_shop_advertising_works [nicolae_subvault_shop_adworks],
          serial_bayou_crossing
D:2:      layout_rooms, st_stairs_4
D:3:      layout_basic, serial_shops, nicolae_shop_crystal,
          chequers_ecumenical_altar_island
D:4:      nicolae_cairo_tiling, layout_cave_pools, mainiacjoe_overflow_alcove_4,
          serial_shops, nicolae_shop_overgrown_old_shop
D:5:      layout_basic, zin_scriptorium, minmay_temple_entry_overgrown
D:6:      layout_cave_pools, mainiacjoe_overflow_alcove_1,
          kennysheep_opposing_triangles, uniq_menkaure
D:7:      layout_loops_ring, uniq_pikel
D:8:      layout_loops_cross, old_standard_altar, chequers_jeans, uniq_grum
D:9:      layout_loops_ring, nicolae_overflow_hallway_of_the_gods,
          nicolae_tso_swordbearing_angel, lemuel_round_altar, lair_entry_dummy,
          enter_bailey_3
D:10:     layout_roguey, erik_orc_3, minmay_orc_keep
D:11:     layout_rooms, uniq_erica, uniq_urug
D:12:     layout_roguey, uniq_sonja
Lair:1:   statuecave_lemuel, layout_long_grid, nicolae_volcano_entry_vermiform,
          special_room [special_room_bee], serial_bayou_pond_e,
          fungi_pond_lemuel, serial_bayou_pond_a, infiniplex_staircase_pool,
          uniq_nergalle
Lair:2:   layout_cave_pods, guppyfry_snake_entry_island, grunt_megastairs_3,
          uniq_gastronok
Lair:3:   layout_chaotic_city, minmay_shoals_entry_hut, st_stairs_9
Lair:4:   layout_misc_corridors
Lair:5:   layout_regular_city, nicolae_quartered_pool_medium
Lair:6:   guppyfry_lair_end_dragon, layout_long_grid,
          hangedman_lair_caniforms_friends, slime_altar_1, lemuel_centaur_altar,
          lemuel_fruit_fields

Skill      XL: |  1  2  3  4  5  6  7  8  9 10 11 12 13 14 |
---------------+-------------------------------------------+-----
Fighting       | 4 5 6 7 8 9 11 12 14 | 14.9
Axes           | 4 6 7 9 |  9.0
Maces & Flails | 1 2 3 4 6 8 10 | 10.6
Armour         | 3 4 6 7 8 9 10 11 12 | 12.0
Dodging        | 3 4 5 6 8 9 10 | 10.7
Stealth        | 1 2 3 4 5 |  5.8
Shields        | 1 4 6 8 10 11 | 11.1
Polearms       | 2 |  2.8
Evocations     | 2 4 5 7 |  7.7

Action                   |  1- 3 |  4- 6 |  7- 9 | 10-12 | 13-15 || total
-------------------------+-------+-------+-------+-------+-------++-------
Melee: Hand axe          |    11 |       |       |    24 |       ||    35
       Headbutt          |     7 |    18 |    48 |    98 |    83 ||   254
       Whip              |    62 |   117 |   206 |       |       ||   385
       Punch             |     2 |     2 |     3 |     2 |       ||     9
       War axe           |       |       |       |   127 |       ||   127
       Trident           |       |       |       |    28 |       ||    28
       Battleaxe         |       |       |       |   241 |   309 ||   550
Invok: Berserk           |     1 |     1 |     6 |    22 |     5 ||    35
       Trog's Hand       |       |       |     4 |     4 |     2 ||    10
       Brothers in Arms  |       |       |       |     1 |     3 ||     4
 Abil: Evoke Invisibilit |       |       |       |     1 |       ||     1
  Use: Scroll            |       |     4 |     5 |    19 |     4 ||    32
       Potion            |       |       |     4 |     7 |     5 ||    16
 Stab: Sleeping          |       |       |       |     5 |     2 ||     7
       Distracted        |       |       |       |     1 |       ||     1
       Confused          |       |       |       |       |     3 ||     3
Armor: Animal skin       |    10 |       |       |       |       ||    10
       Leather armour    |     6 |     3 |       |       |       ||     9
       Ring mail         |       |    33 |    67 |   182 |   157 ||   439
Dodge: Dodged            |    55 |    57 |    87 |   512 |   545 ||  1256
Block: Kite shield       |       |       |    44 |       |       ||    44
